 Dungeon Crawl Stone Soup version 0.26.1-11-gd32895ea62 (webtiles) character file.

Game seed: 11784008249253839871

86 Almogavar the Ducker (level 4, 0/34 HPs)
             Began as a Gnoll Wanderer on July 11, 2021.
             Slain by a centaur
             ... wielding a cursed +0 shortbow
              (1 damage)
             ... on level 2 of the Dungeon.
             The game lasted 00:05:25 (2774 turns).

Almogavar the Ducker (Gnoll Wanderer)               Turns: 2774, Time: 00:05:26

Health: 0/34       AC:  3    Str: 15    XL:     4   Next: 49%
Magic:  5/5        EV: 12    Int: 16    God:
Gold:   110        SH:  8    Dex: 13    Spells: 4/5 levels left

rFire    x . .     SeeInvis .   r - +0 hand axe (vorpal)
rCold    + . .     Faith    .   e - +0 kite shield
rNeg     . . .     Spirit   .   d - +0 robe
rPois    .         Reflect  .   l - +0 helmet
rElec    .         Harm     .   (no cloak)
rCorr    .         Rampage  .   (no gloves)
Will     .....                  (no boots)
Stlth    +++.......             (no amulet)
HPRegen  0.11/turn              n - ring of ice
MPRegen  0.09/turn              (no ring)

@: no status effects
A: distributed training, fangs 1, strong nose
a: no special abilities


You were on level 2 of the Dungeon.
You visited 1 branch of the dungeon, and saw 2 of its levels.

You collected 110 gold pieces.

Inventory:

Hand Weapons
 f - a +0 dagger
 r - a +0 vorpal hand axe (weapon)
Missiles
 i - 2 boomerangs
 o - 34 bolts
 s - 15 poisoned darts (quivered)
Armour
 d - a +0 robe (worn)
 e - a +0 kite shield (worn)
 l - a +0 helmet (worn)
 q - a +0 leather armour
Jewellery
 n - a ring of ice (left hand)
Scrolls
 b - a scroll of fear {unknown}
 g - 2 scrolls of remove curse {unknown}
 j - a scroll of amnesia {unknown}
 k - a scroll of immolation {unknown}
 m - a scroll of identify {unknown}
 t - a scroll of noise {unknown}
Potions
 a - a potion of degeneration {unknown}
 c - 2 potions of curing
 h - a potion of haste {unknown}
 p - a potion of heal wounds {unknown}
 u - a potion of cancellation {unknown}


   Skills:
 + Level 2.7 Fighting
 + Level 1.1 Short Blades
 + Level 1.1 Long Blades
 + Level 1.1 Axes
 + Level 1.1 Maces & Flails
 + Level 1.1 Polearms
 + Level 1.1 Staves
 + Level 1.1 Slings
 + Level 1.1 Bows
 + Level 1.1 Crossbows
 + Level 1.1 Throwing
 + Level 1.1 Armour
 + Level 4.6 Dodging
 + Level 4.2 Stealth
 + Level 2.7 Shields
 + Level 2.7 Unarmed Combat
 + Level 1.1 Spellcasting
 + Level 2.2 Conjurations
 + Level 0.9 Hexes
 + Level 0.9 Summonings
 + Level 0.9 Necromancy
 + Level 0.9 Translocations
 + Level 0.9 Transmutations
 + Level 0.9 Fire Magic
 + Level 3.8 Ice Magic
 + Level 0.9 Air Magic
 + Level 0.9 Earth Magic
 + Level 0.9 Poison Magic
 + Level 1.2 Invocations
 + Level 1.1 Evocations


You had 4 spell levels left.
You knew the following spells:

 Your Spells              Type           Power        Failure   Level
a - Foxfire               Conj/Fire      24%          50%         1

Your spell library contained the following spells:

 Spells                   Type           Power        Failure   Level
 Conjure Flame            Conj/Fire      6%           86%         3


Dungeon Overview and Level Annotations

Branches:
Dungeon (2/15)

Altars:
Vehumet


Innate Abilities, Weirdness & Mutations

Your experience applies equally to all skills.
You have very sharp teeth.
Your uncanny sense of smell can sniff out nearby items.


Message History

The centaur is severely wounded.
You block the centaur's attack. The centaur misses you.
You barely miss the centaur. You bite the centaur, but do no damage.
The centaur is severely wounded.
The centaur barely misses you. x2
You hit the centaur.
The centaur is almost dead.
You block the centaur's attack.
You completely miss the centaur. You bite the centaur, but do no damage.
The centaur is almost dead.
The centaur barely misses you. x2
You hit the centaur but do no damage.
The centaur is almost dead.
You block the centaur's attack.
The centaur hits you with a cursed +0 shortbow.
* * * LOW HITPOINT WARNING * * *
You hit the centaur but do no damage.
The centaur is almost dead.
The centaur hits you with a cursed +0 shortbow.
You die...

.# #.#.###.#.##$..#
#.....# .# #.#.#
#.#.##...# #.....#
.# #.#.#####.##...#
###+#######
.###.#.......##...#
#....
...#.##########..#
#.###
...#.............#
#.#
...############((#
#.# ...# ##.# #.#
...# #@# #.# ...#
#.....c# ##.###
...# #......#
#..... ...#
#....... ######
...# #....... ...#
#........ ∆ ...#
#........ .#######
########## .......#


You could see a centaur.

Vanquished Creatures
  5 adders (D:2)
  2 dart slugs (D:1)
  A leopard gecko (D:1)
  2 giant cockroaches (D:1)
  7 goblins
  5 hobgoblins
  2 kobolds
  A quokka (D:2)
  4 bats
  2 frilled lizards
  5 rats
36 creatures vanquished.

Notes
Turn   | Place    | Note
-------+----------+-------------------------------------------
     0 | D:1      | Almogavar the Gnoll Wanderer began the quest for the Orb.
     0 | D:1      | Almogavar set off with the following items: a +0 club, a
                  | potion of curing, a +0 robe, a +0 kite shield, a +0 dagger;
                  | and the following spell memorised: Foxfire; and the
                  | following spells available to memorise: Conjure Flame
     0 | D:1      | Reached XP level 1. HP: 17/17 MP: 1/1
   357 | D:1      | Reached XP level 2. HP: 7/23 MP: 0/2
   997 | D:1      | Reached XP level 3. HP: 13/28 MP: 3/3
  1794 | D:2      | Reached skill level 1 in Invocations
  1900 | D:2      | Reached skill level 1 in Short Blades
  1900 | D:2      | Reached skill level 1 in Long Blades
  1900 | D:2      | Reached skill level 1 in Axes
  1900 | D:2      | Reached skill level 1 in Maces & Flails
  1900 | D:2      | Reached skill level 1 in Polearms
  1900 | D:2      | Reached skill level 1 in Staves
  1900 | D:2      | Reached skill level 1 in Slings
  1900 | D:2      | Reached skill level 1 in Bows
  1900 | D:2      | Reached skill level 1 in Crossbows
  1900 | D:2      | Reached skill level 1 in Throwing
  1900 | D:2      | Reached skill level 1 in Armour
  1900 | D:2      | Reached skill level 1 in Spellcasting
  1900 | D:2      | Reached skill level 1 in Evocations
  1903 | D:2      | Reached XP level 4. HP: 34/34 MP: 5/5
  2022 | D:2      | Found a radiant altar of Vehumet.
  2760 | D:2      | Noticed a centaur
  2773 | D:2      | HP: 1/34 [centaur/cursed +0 shortbow (4)]
  2774 | D:2      | Slain by a centaur

Illustrated notes

Levels and vault maps discovered:
D:1:      evilmike_arrival_crescent, layout_loops_cross
D:2:      layout_basic, vehumet_crystals, tso_altar

Skill      XL: |  1  2  3 |
---------------+----------+-----
Conjurations   | 2 |  2.2
Invocations    | 1 |  1.2
Short Blades   | 1 |  1.1
Long Blades    | 1 |  1.1
Axes           | 1 |  1.1
Maces & Flails | 1 |  1.1
Polearms       | 1 |  1.1
Staves         | 1 |  1.1
Slings         | 1 |  1.1
Bows           | 1 |  1.1
Crossbows      | 1 |  1.1
Throwing       | 1 |  1.1
Armour         | 1 |  1.1
Spellcasting   | 1 |  1.1
Evocations     | 1 |  1.1
Fighting       | |  2.7
Dodging        | |  4.6
Stealth        | |  4.2
Shields        | |  2.7
Unarmed Combat | |  2.7
Hexes          | |  0.9
Summonings     | |  0.9
Necromancy     | |  0.9
Translocations | |  0.9
Transmutations | |  0.9
Fire Magic     | |  0.9
Ice Magic      | |  3.8
Air Magic      | |  0.9
Earth Magic    | |  0.9
Poison Magic   | |  0.9

Action                   |  1- 3 |  4- 6 || total
-------------------------+-------+-------++-------
Melee: Club              |    93 |       ||    93
       Bite              |     9 |     5 ||    14
       Hand axe          |     5 |    51 ||    56
       Dagger            |     2 |     1 ||     3
Throw: Dart              |     1 |     2 ||     3
 Stab: Sleeping          |    11 |       ||    11
Armor: Robe              |    21 |     7 ||    28
Dodge: Dodged            |    32 |    26 ||    58
Block: Kite shield       |    48 |    32 ||    80
